 Dungeon Crawl Stone Soup version 0.30-a0-782-ge64f9170bb (webtiles) character file.

Game seed: 10973056301555659338

8784 Crownlay the Grappler (level 11, -8/109 HPs)
             Began as a Troll Fighter on Mar 9, 2023.
             Was an Elder of Wu Jian.
             Mangled by a yak (14 damage)
             ... on level 10 of the Dungeon on Mar 10, 2023.
             The game lasted 00:17:36 (8019 turns).

Crownlay the Grappler (Troll Fighter)               Turns: 8019, Time: 00:17:37

Health: -8/109     AC:  5    Str: 26    XL:     11   Next: 14%
Magic:  10/10      EV: 10    Int:  8    God:    Wu Jian [****..]
Gold:   1792       SH:  9    Dex:  9    Spells: 10/10 levels left

rFire   . . .      SeeInvis +      - Unarmed
rCold   . . .      Faith    .    b - +0 kite shield
rNeg    + + .      Spirit   .    K - +1 robe {Will+}
rPois   .          Reflect  .    N - +0 hat of the Cobbler {-Tele rN++ SInv Stlth-}
rElec   .          Harm     .    x - scarf {repulsion}
rCorr   .          Rampage  .    (gloves unavailable)
Will    +....      NoTele   +    (boots unavailable) Stlth
                                 (no amulet)
HPRegen 1.18/turn                (no ring)
MPRegen 0.12/turn                (no ring)

@: repel missiles
A: large, unfitting armour, claws 3, regeneration 1, shaggy fur 1, tough skin 1
a: Renounce Religion, Wall Jump, Serpent's Lash


You were on level 10 of the Dungeon.
You worshipped Wu Jian.
Wu Jian was greatly pleased with you.
You visited 1 branch of the dungeon, and saw 10 of its levels.

You collected 1871 gold pieces.
You spent 79 gold pieces at shops.

Inventory:

Missiles
 u - 8 curare-tipped darts (quivered)
 v - 57 poisoned darts
 Q - 2 throwing nets
Armour
 b - a +0 kite shield (worn)
 l - a +2 robe of fire resistance
 x - a scarf of repulsion (worn)
 K - a +1 robe of willpower (worn)
 N - the +0 hat of the Cobbler (worn) {-Tele rN++ SInv Stlth-}
   (You found it on level 7 of the Dungeon)

   rN:        It greatly protects you from negative energy.
   SInv:      It lets you see invisible.
   -Tele:     It prevents most forms of teleportation.
   Stlth:     It makes you less stealthy.
 O - a +2 robe of cold resistance
Magical Staves
 d - a staff of earth
Jewellery
 C - a ring of ice
 H - an amulet of guardian spirit
 L - a ring of poison resistance
 P - a ring of protection from cold
Wands
 r - a wand of light (16)
 E - a wand of mindburst (21)
 F - a wand of flame (9)
Scrolls
 f - 2 scrolls of brand weapon
 h - 5 scrolls of teleportation
 i - 2 scrolls of enchant armour
 j - a scroll of fear {unknown}
 k - a scroll of silence {unknown}
 n - a scroll of poison {unknown}
 q - 2 scrolls of fog
 t - 3 scrolls of vulnerability
 w - a scroll of noise {unknown}
 y - 4 scrolls of immolation {unknown}
 z - a scroll of enchant weapon {unknown}
 A - a scroll of summoning {unknown}
 D - 2 scrolls of magic mapping {unknown}
 G - 2 scrolls of torment
 J - 2 scrolls of blinking
Potions
 a - 2 potions of heal wounds
 c - 3 potions of might
 e - 9 potions of curing
 g - 5 potions of degeneration {unknown}
 m - 4 potions of attraction {unknown}
 o - a potion of mutation {unknown}
 p - 2 potions of berserk rage {unknown}
 s - 5 potions of brilliance {unknown}
 B - 2 potions of flight {unknown}
 I - a potion of resistance {unknown}
 M - a potion of ambrosia {unknown}


   Skills:
 + Level 7.3 Fighting
 + Level 5.3 Dodging
 + Level 8.0 Shields
 * Level 11.8 Unarmed Combat


You had 10 spell levels left.
You didn't know any spells.
Your spell library contained the following spells:

 Spells                   Type           Power      Damage    Failure   Level
 Apportation              Tloc           0%         N/A       65%         1
 Freeze                   Ice            0%         1d3       65%         1
 Kiss of Death            Conj/Necr      0%         2d5       65%         1
 Necrotise                Necr           0%         1d4       65%         1
 Sandblast                Erth           0%         2d4       65%         1
 Summon Small Mammal      Summ           0%         N/A       65%         1
 Cigotuvi's Dreadful Rot  Necr/Pois/Air  0%         N/A       78%         2
 Passwall                 Tmut/Erth      0%         N/A       78%         2
 Confusing Touch          Hex            0%         N/A       95%         3
 Frozen Ramparts          Ice            0%         1d1       95%         3
 Hailstorm                Conj/Ice       0%         3d3       95%         3
 Inner Flame              Hex/Fire       0%         N/A       95%         3
 Stone Arrow              Conj/Erth      0%         3d7       95%         3
 Vhi's Electric Charge    Tloc/Air       0%         N/A       95%         3
 Dispel Undead            Necr           0%         3d6       100%        4
 Flame Wave               Conj/Fire      0%         2d4       100%        4
 Sticky Flame             Conj/Fire      0%         2d3       100%        4
 Arcjolt                  Conj/Air       0%         1d10      100%        5
 Fireball                 Conj/Fire      0%         3d3       100%        5
 Iskenderun's Battlesphe  Conj           0%         2d6       100%        5
 Conjure Ball Lightning   Conj/Air       0%         3x3d6     100%        6
 Death Channel            Necr           0%         N/A       100%        6
 Orb of Destruction       Conj           0%         9d5       100%        7
 Maxwell's Capacitive Co  Air            0%         ∞         100%        8


Dungeon Overview and Level Annotations

Branches:
Dungeon (10/15)            Temple (0/1) D:5
   Lair: D:8-11         Orc: D:9-12

Altars:
Cheibriados
Uskayaw
Wu Jian
Xom
Yredelemnul
The Shining One

Shops:
D:1 *[   D:5 **

Annotations:
D:7 3 runed translucent doors, tilp's ghost, novice MeFi
D:9 3 runed translucent doors, Takeo's ghost, novice SpBr
D:10 Nergalle


Innate Abilities, Weirdness & Mutations

You are too large for most types of armour.
You have claws for hands.
Your natural rate of healing is unusually fast.
You are covered in fur. (AC +1)
You have tough skin. (AC +1)


Message History

You mangle the gargoyle!!
You destroy the gargoyle!
The Council accepts your kill.
You closely miss the yak. You block the yak's attack.
You mangle the yak!!
The yak is heavily wounded.
The yak gores you.
You mangle the yak!!
You kill the yak!
The Council accepts your kill.
You completely miss the yak. The yak barely misses you.
You barely miss the yak. The yak gores you!
You claw the yak!
The yak is moderately wounded.
The yak gores you!
You claw the yak!
The yak is severely wounded.
The yak gores you.
You barely miss the yak.
The yak is severely wounded.
You mangle the yak!!
You kill the yak!
The Council accepts your kill.
You mangle the yak!!
The yak is almost dead.
The yak gores you!
* * * LOW HITPOINT WARNING * * *
You barely miss the yak.
The yak is severely wounded.
The yak gores you!
* * * LOW HITPOINT WARNING * * *
You barely miss the yak.
The yak is severely wounded.
The yak gores you!
* * * LOW HITPOINT WARNING * * *
Okay, then.
You barely miss the yak.
The yak is severely wounded.
The yak gores you!
You die...

#.♣♣..♣♣.##.###
####.♣♣..♣♣.#..#
#..'.......)'.##
#..'(.......'.#
#.##.♣♣..♣♣.###
#.##.♣♣..♣♣.#
#.##........#
#)#####++####
#@# #Y#
#####.###
#.......#
#.......# Y.
###.......# #Y.#
.....^....#...o.
###.........#
#####..####


You could see a yak.

Vanquished Creatures
  Erica (D:8)
  Pikel (D:8)
  Joseph (D:8)
  A gargoyle (D:10)
  Psyche (D:8)
  A kobold demonologist (D:10)
  Sigmund (D:2)
  A spriggan (D:7)
  3 shadows
  A vampire (D:9)
  9 yaks
  A steam dragon (D:6)
  Grum (D:8)
  An acid dragon (D:8)
  A water moccasin (D:8)
  Duvessa (D:5)
  3 black bears
  3 ice beasts
  A sky beast (D:7)
  4 wolves (D:7)
  2 ogres (D:5)
  3 phantoms
  7 centaurs
  7 kobold brigands
  2 bullfrogs
  A necrophage (D:6)
  A gnoll sergeant (D:8)
  4 wights (D:9)
  Dowan (D:5)
  4 killer bees (D:8)
  6 howler monkeys
  3 lava snakes (D:9)
  An orc priest (D:7)
  4 hounds
  Jessica (D:2)
  2 gnoll boudas
  An iguana (D:5)
  3 orc wizards
  Robin (D:4)
  19 gnolls
  4 adders
  3 worms
  4 dart slugs
  18 orcs
  5 ball pythons
  7 endoplasms
  22 goblins
  13 hobgoblins
  4 jackals (D:2)
  27 kobolds
  3 quokkas
  7 bats
  3 frilled lizards
  3 rats
  A butterfly (D:9)
234 creatures vanquished.

Vanquished Creatures (others)
  2 plants
2 creatures vanquished.

Grand Total: 236 creatures vanquished

Notes
Turn   | Place    | Note
-------+----------+-------------------------------------------
     0 | D:1      | Crownlay the Troll Fighter began the quest for the Orb.
     0 | D:1      | Reached XP level 1. HP: 22/22 MP: 0/0
    79 | D:1      | Found Xanoaziz's Armour Shoppe.
   311 | D:1      | Found Ywifahup's Assorted Antiques.
   443 | D:1      | Reached XP level 2. HP: 29/29 MP: 1/1
   818 | D:1      | Reached XP level 3. HP: 34/36 MP: 2/2
   908 | D:1      | Bought a scroll labelled RAM HEBBUOFE for 21 gold pieces
   945 | D:2      | Noticed Jessica
   952 | D:2      | Reached skill level 3 in Unarmed Combat
   982 | D:2      | Killed Jessica
   983 | D:2      | Reached XP level 4. HP: 37/44 MP: 3/3
  1087 | D:2      | Noticed Sigmund
  1111 | D:2      | Killed Sigmund
  1112 | D:2      | Reached skill level 4 in Unarmed Combat
  1112 | D:2      | Reached XP level 5. HP: 39/53 MP: 4/4
  1364 | D:2      | Found a shimmering altar of Xom.
  1513 | D:3      | Reached XP level 6. HP: 61/61 MP: 5/5
  1532 | D:3      | Found an ornate altar of the Wu Jian Council.
  1571 | D:3      | Became a worshipper of the Wu Jian Council
  1871 | D:3      | Found a snail-covered altar of Cheibriados.
  2268 | D:4      | Noticed Robin
  2272 | D:4      | Reached * piety under Wu Jian
  2280 | D:4      | Killed Robin
  2292 | D:4      | Reached skill level 5 in Unarmed Combat
  2694 | D:4      | Identified the +8 hand axe of Wyrd {venom, rCorr Dex+5}
  2801 | D:5      | Entered Level 5 of the Dungeon
  2862 | D:5      | Found Huihoiv's Assorted Antiques.
  2867 | D:5      | Bought a scroll labelled MANAQAGEOM for 29 gold pieces
  2867 | D:5      | Bought a scroll labelled YNOYNIULEA for 29 gold pieces
  2964 | D:5      | Noticed Duvessa
  2966 | D:5      | Noticed Dowan
  2970 | D:5      | Reached XP level 7. HP: 64/68 MP: 6/6
  2990 | D:5      | Killed Duvessa
  3004 | D:5      | Killed Dowan
  3005 | D:5      | Reached skill level 6 in Unarmed Combat
  3090 | D:5      | Found a staircase to the Ecumenical Temple.
  3137 | D:5      | Found Udoguomnie's Elemental Accessories.
  3796 | D:6      | Reached skill level 5 in Shields
  3796 | D:6      | Reached XP level 8. HP: 79/79 MP: 7/7
  3811 | D:6      | Reached skill level 7 in Unarmed Combat
  3952 | D:6      | Reached ** piety under Wu Jian
  4042 | D:6      | Reached skill level 5 in Fighting
  4113 | D:6      | Reached skill level 8 in Unarmed Combat
  4548 | D:7      | Reached XP level 9. HP: 78/88 MP: 8/8
  4587 | D:7      | Identified the +0 hat of the Cobbler {-Tele rN++ SInv
                  | Stlth-}
  4870 | D:7      | Reached skill level 9 in Unarmed Combat
  4879 | D:7      | Found a glowing golden altar of the Shining One.
  5271 | D:7      | Found a runed translucent gate.
  5271 | D:7      | Found a runed translucent gate.
  5273 | D:7      | Found a runed translucent gate.
  5278 | D:7      | Noticed tilp's ghost (novice MeFi)
  5445 | D:7      | Identified 2 scrolls of acquirement
  5447 | D:7      | Acquired a staff of earth
  5449 | D:7      | Acquired 1208 gold pieces
  5493 | D:8      | Noticed Grum
  5823 | D:8      | Reached skill level 10 in Unarmed Combat
  5828 | D:8      | Killed Grum
  5828 | D:8      | Reached *** piety under Wu Jian
  5892 | D:8      | Reached XP level 10. HP: 86/100 MP: 9/9
  5923 | D:8      | Noticed a tengu warrior
  5923 | D:8      | Noticed a five-headed hydra
  5924 | D:8      | Noticed Pikel
  5935 | D:8      | Killed Pikel
  5939 | D:8      | Noticed a boulder beetle
  6067 | D:8      | Noticed Psyche
  6069 | D:8      | Noticed a cyan ugly thing
  6070 | D:8      | Noticed a cyclops
  6074 | D:8      | Killed Psyche
  6078 | D:8      | Noticed a purple ugly thing
  6081 | D:8      | Noticed a centaur warrior
  6086 | D:8      | Noticed a cyclops
  6184 | D:8      | Noticed Erica
  6207 | D:8      | Killed Erica
  6412 | D:8      | Noticed Joseph
  6426 | D:8      | Killed Joseph
  6427 | D:8      | Reached skill level 11 in Unarmed Combat
  6912 | D:9      | Found a shimmering altar of Xom.
  6926 | D:9      | Found a hide-covered altar of Uskayaw.
  7080 | D:9      | Found a runed translucent gate.
  7081 | D:9      | Found a runed translucent gate.
  7082 | D:9      | Noticed a ten-headed hydra
  7083 | D:9      | Noticed Takeo's ghost (novice SpBr)
  7111 | D:9      | Found a runed translucent gate.
  7279 | D:9      | Reached skill level 5 in Dodging
  7752 | D:10     | Entered Level 10 of the Dungeon
  7789 | D:10     | Found a basalt altar of Yredelemnul.
  7816 | D:10     | Reached **** piety under Wu Jian
  7930 | D:10     | Reached XP level 11. HP: 109/109 MP: 10/10
  7986 | D:10     | Noticed Nergalle
  8018 | D:10     | HP: 5/109 [yak (15)]
  8019 | D:10     | Mangled by a yak

Illustrated notes

Levels and vault maps discovered:
D:1:      heliophobic_arrival_dark_side_of_the_moon, layout_loops_corners,
          serial_shops, shop_fountains, shop
D:2:      layout_rooms, basic_altar, minmay_tetromino_o2, uniq_sigmund,
          uniq_jessica
D:3:      corexii_shack_village, layout_loops_ring, slow_altar_2,
          mainiacjoe_overflow_surrounded_room, serial_bayou_pond_a,
          due_unseen_surprise
D:4:      layout_basic, uniq_robin
D:5:      layout_loops_corners, minmay_temple_entry_butterflies, serial_shops,
          nicolae_square_shop, nicolae_elemental_shop, uniq_duvessa
D:6:      layout_cave_pools
D:7:      layout_loops_corners, mainiacjoe_overflow_24_doors,
          biasface_ghost_orc_armoury, the_hattery
D:8:      layout_cave_pods, minivault_12, uniq_pikel, uniq_joseph, uniq_erica,
          uniq_grum, uniq_psyche
D:9:      layout_small_grid, lemuel_crystal_altar, xom_butterflies,
          gammafunk_ghost_hydra_chop, st_stairs_14, chequers_mini_garden,
          kennysheep_boxes
D:10:     layout_basic, grunt_gozag_statues, yredelemnul_altar_generic,
          dpeg_oklobed_lair, nicolae_zen_rock_garden,
          kennysheep_cross_bottleneck, kennysheep_generic_room_5, uniq_nergalle

Skill      XL: |  1  2  3  4  5  6  7  8  9 10 11 |
---------------+----------------------------------+-----
Shields        | 3 4 5 6 7 8 |  8.0
Unarmed Combat | 3 4 5 6 8 10 11 | 11.8
Fighting       | 3 4 5 6 7 |  7.3
Dodging        | 3 5 |  5.3

Action                     |  1- 3 |  4- 6 |  7- 9 | 10-12 || total
---------------------------+-------+-------+-------+-------++-------
  Melee: Unarmed           |    80 |   182 |   271 |   229 ||   762
  Throw: Dart              |       |     3 |     5 |     4 ||    12
         Throwing net      |       |       |       |     1 ||     1
Ability: Lunge             |       |     8 |    15 |    16 ||    39
         Whirlwind         |       |     1 |     4 |     2 ||     7
    Use: Scroll            |       |       |     9 |     1 ||    10
         Potion            |       |       |     3 |       ||     3
 Armour: Robe              |    20 |    77 |    95 |    35 ||   227
  Dodge: Dodged            |    16 |    49 |   102 |    76 ||   243
         Repelled          |       |       |     1 |     1 ||     2
  Block: Kite shield       |    28 |    68 |   100 |    85 ||   281

Table legend: (Time is in decaauts)
 A = Elapsed time spent in this place.
 B = Non-inter-level travel time spent in this place.
 C = Inter-level travel time spent in this place.
 D = Time resting spent in this place.
 E = Time spent auto-exploring this place.
 F = Levels seen in this place.
 G = Mean time per level.
                   A        B        C        D        E       F      G
               +--------+--------+--------+--------+--------+-----+--------+
         Total |   8023 |   7687 |    336 |     94 |   5987 |  10 |  802.3 |
       Dungeon |   8023 |   7687 |    336 |     94 |   5987 |  10 |  802.3 |
               +--------+--------+--------+--------+--------+-----+--------+

Top non-repeatable levels by time:
     D:7: 1383 daAuts
     D:5: 1065 daAuts
     D:8: 1053 daAuts
     D:1: 925 daAuts
     D:9: 893 daAuts
     D:3: 792 daAuts
     D:4: 603 daAuts
     D:6: 552 daAuts
     D:2: 493 daAuts
    D:10: 260 daAuts
